cohdb
Replays
Latest Replays
All Replays
Popular Replays
Top Player Replays
Match Explorer
How It Works
Community
CoH3 Stats
Reddit
Sign in to upload your games and track your stats! →
Sign in with Steam
Match 42540089
Unlisted
Match 42540089
Overview
Messages
Build Orders
End
Construct Infanterie Kompanie
Kettenkrad Recon Vehicle
MG 42 Machine Gun Team
Selects Italian Coastal Battlegroup
Selects Coastal Reserves
Coastal Reserve
Coastal Reserve
GrW 34 Mortar Team
Selects Artillery Officer
Coastal Reserve
Construct Luftwaffe Kompanie
MG 42 Machine Gun Team
Medical Bunker
Flak 30 Anti-aircraft Gun Team
Artillery Officer
Flak 30 Anti-aircraft Gun Team
Infanterie Officer Quarters
Construct Panzer Kompanie
Selects Coastal Wall
Support Elements
Marder III M Tank Destroyer
Selects Support Bunkers
Selects Rapid Fortifications
Rapid Fortifications
Medical Bunker
Anti-tank Bunker
Selects Bulwark
Pioneer Squad
PayPerPaper
巨蟹座
KR_Dante
Voodoo408
BAOBAB
Mansonfreakss
FORTIS_FRTUNA
MightyOstrich
0
0
Comments
sign in to comment!
No comments posted yet!